 Dungeon Crawl Stone Soup version 0.28.0 (webtiles) character file.

Game seed: 13429034535887386036

38322 PoweredByGinger the Peltast (level 13, -27/113 HPs)
             Began as a Minotaur Fighter on Feb 10, 2022.
             Was a High Priest of Makhleb.
             Annihilated by Rupert (36 damage)
             ... on level 5 of the Lair of Beasts.
             The game lasted 00:25:24 (22883 turns).

PoweredByGinger the Peltast (Minotaur Fighter)     Turns: 22883, Time: 00:25:26

Health: -27/113    AC: 21    Str: 32    XL:     13   Next: 63%
Magic:  16/16      EV:  7    Int:  5    God:    Makhleb [*****.]
Gold:   963        SH:  8    Dex: 10    Spells: 12/12 levels left

rFire   + . .      SeeInvis .   a - +2 broad axe (flame)
rCold   + . .      Faith    .   c - +0 buckler
rNeg    . . .      Spirit   .   V - +0 plate armour
rPois   .          Reflect  .   x - +0 hat
rElec   +          Harm     .   A - scarf {rC+ rF+}
rCorr   .          Rampage  .   O - +0 pair of gloves
Will    .....                   p - +2 pair of boots
Stlth   ..........              (no amulet)
HPRegen 0.28/turn               R - ring of the Townfolk {rElec AC+4}
MPRegen 0.15/turn               j - +6 ring of strength

@: mighty, hasted, very quick
A: horns 2, retaliatory headbutt
a: Renounce Religion, Minor Destruction, Lesser Servant of Makhleb, Major
Destruction, Greater Servant of Makhleb


You were on level 5 of the Lair of Beasts.
You worshipped Makhleb.
Makhleb was extremely pleased with you.
You visited 5 branches of the dungeon, and saw 19 of its levels.
You also visited: Ossuary.

You collected 963 gold pieces.

Inventory:

Hand Weapons
 a - a +2 broad axe of flaming (weapon)
 m - a +0 flail of protection
Missiles
 f - 195 bolts
 l - 224 arrows
 n - a boomerang (quivered)
 y - 4 curare-tipped darts
 z - 21 poisoned darts
 W - 4 javelins
Armour
 c - a +0 buckler (worn)
 p - a +2 pair of boots (worn)
 x - a +0 hat (worn)
 A - a scarf of resistance (worn)
 O - a +0 pair of gloves (worn)
 V - a +0 plate armour (worn)
Jewellery
 g - a +4 ring of protection
 j - a +6 ring of strength (right hand)
 k - an amulet of guardian spirit
 D - a ring of protection from fire
 J - a +4 ring of evasion
 R - the ring of the Townfolk (left hand) {rElec AC+4}
   (You found it on level 7 of the Dungeon)

   [ring of protection]

   AC:        It affects your AC (+4).
   rElec:     It insulates you from electricity.
 T - a ring of poison resistance
Wands
 i - a wand of flame (30)
 L - a wand of mindburst (11)
 Q - a wand of iceblast (5)
 X - a wand of paralysis (3)
 Y - a wand of acid (5)
Scrolls
 e - 2 scrolls of enchant armour
 q - a scroll of amnesia {unknown}
 r - a scroll of summoning {unknown}
 t - a scroll of acquirement {unknown}
 B - a scroll of silence {unknown}
 E - 2 scrolls of magic mapping {unknown}
 F - 2 scrolls of enchant weapon
 G - 3 scrolls of fog
 I - 2 scrolls of immolation {unknown}
 K - 2 scrolls of fear
 M - 3 scrolls of blinking {unknown}
 N - 4 scrolls of teleportation {unknown}
Potions
 b - 2 potions of mutation {unknown}
 d - a potion of might
 h - 2 potions of ambrosia {unknown}
 o - 6 potions of attraction
 s - a potion of lignification
 u - 5 potions of curing
 v - 5 potions of haste
 w - 2 potions of resistance
 C - 3 potions of magic {unknown}
 H - a potion of invisibility {unknown}
 S - 4 potions of flight {unknown}
 U - 2 potions of berserk rage {unknown}


   Skills:
 + Level 10.2 Fighting
 * Level 16.9 Axes
 - Level 5.5 Armour
 + Level 18.7 Shields
 + Level 6.3 Invocations


You had 12 spell levels left.
You didn't know any spells.
Your spell library contained the following spells:

 Spells                   Type           Power      Damage    Failure   Level
 Ozocubu's Armour         Ice            0%         N/A       100%        3
 Metabolic Englaciation   Hex/Ice        0%         N/A       100%        5
 Simulacrum               Ice/Necr       0%         N/A       100%        6


Dungeon Overview and Level Annotations

Branches:
Dungeon (11/15)            Temple (1/1) D:6            Lair (5/6) D:11
  Swamp (1/4) Lair:3       Spider (1/4) Lair:4          Orc (0/2) D:10
Ossuary (visited)
  Slime: Lair:5-6

Altars:
Ashenzari
Cheibriados
Dithmenos
Elyvilon
Fedhas
Gozag
Hepliaklqana
Kikubaaqudgha
Makhleb
Nemelex Xobeh
Okawaru
Qazlal
Ru
Sif Muna
Trog
Uskayaw
Vehumet
Wu Jian
Xom
Yredelemnul
Zin
The Shining One

Shops:
D:9 (

Annotations:
D:4 1 runed translucent door, Strat's ghost, amateur TrFi
D:6 3 runed translucent doors, snetch's ghost, novice DjFE
Lair:5 Rupert


Innate Abilities, Weirdness & Mutations

You have a pair of horns on your head.
You reflexively headbutt those who attack you in melee.


Message History

Your ynoxinul closely misses Rupert.
Your ufetubus misses Rupert. Your ufetubus hits Rupert.
Rupert hits you with a +2 triple sword of holy wrath!!
* * * LOW HITPOINT WARNING * * *
You swap places.
Your ufetubus hits Rupert but does no damage. x2
Your ufetubus barely misses Rupert.
Your ufetubus hits Rupert.
Your ufetubus hits Rupert but does no damage. x2
Rupert hits your ufetubus with a +2 triple sword of holy wrath!!
Your ufetubus dies!
Your ufetubus disappears in a puff of smoke!
Your ynoxinul gestures.
Rupert shouts!
You swap places.
Your ufetubus barely misses Rupert. x2
Your ufetubus hits Rupert but does no damage.
Your ufetubus hits Rupert.
Rupert hits your ynoxinul with a +2 triple sword of holy wrath!!
Your ynoxinul convulses!!
Your ynoxinul dies!
Your ynoxinul disappears in a puff of smoke!
Your ufetubus disappears in a puff of smoke! x5
You can't see any enemies this would affect, really read the scroll of fear?
Okay, then.
You feel yourself speed up.
Okay, then.
Okay, then.
Okay, then.
Throw: 2 throwing nets
Press: ? - help, Q - select action, (/) - cycle Shift-Dir - straight line, f - Rupert
Aim: Rupert, wielding a +2 triple sword of holy wrath and wearing a +4 scale mail of cold resistance (black smoke, moderately wounded, berserk, 65% to hit)
You throw a throwing net. The throwing net closely misses Rupert.
Rupert hits you with a +2 triple sword of holy wrath!
* * * LOW HITPOINT WARNING * * *
Unknown command.
Throw: throwing net
Press: ? - help, Q - select action, (/) - cycle Shift-Dir - straight line, f/p - Rupert
Aim: Rupert, wielding a +2 triple sword of holy wrath and wearing a +4 scale mail of cold resistance (black smoke, moderately wounded, berserk, 65% to hit)
You throw a throwing net. The throwing net barely misses Rupert.
Rupert hits you with a +2 triple sword of holy wrath!!!
You die...

##....#.#........
.................
...P..........#..
#.#...###.##.....
##.##.###...#.....
###.................
###.....##PP.#....P...
#.#.)P..#P..P.....P##.
##...@.....P...#.[###.
##.?#@####.##..#.......
#.....# ######.##...#.
#.#...# ######.##
....## #### ......#
.....#.## ..(.### ....


You could see Rupert (berserk).

Vanquished Creatures
  Gastronok (Lair:1)
  3 hydras
  4 two-headed ogres
  A lindwurm (Lair:5)
  An oklob plant (Lair:3)
  6 elephants (Lair:5)
  3 black mambas
  Joseph (D:7)
  15 cane toads
  A gargoyle (D:11)
  Maggie (D:8)
  Psyche (D:8)
  4 rime drakes
  11 komodo dragons
  An anaconda simulacrum (Lair:3)
  A wolf spider simulacrum (Lair:3)
  3 polar bears
  A troll (D:9)
  Grinder (D:5)
  6 dream sheep (Lair:3)
  9 blink frogs
  2 jumping spiders (Lair:4)
  2 shadows
  5 wyverns
  44 yaks
  5 basilisks
  A redback (Lair:4)
  2 steam dragons
  Menkaure (D:5)
  10 water moccasins
  A hydra simulacrum (Lair:3)
  An ice beast (D:5)
  An orc warrior (D:8)
  2 black bears
  An ogre (D:7)
  16 wolves
  4 centaurs
  2 necrophages
  3 kobold brigands
  A gnoll sergeant (D:9)
  2 scorpions
  14 bullfrogs
  An elephant simulacrum (Lair:3)
  6 killer bees (D:9)
  10 wights
  3 howler monkeys
  A torpor snail simulacrum (Lair:3)
  A bullfrog zombie (D:5)
  2 centaur zombies (D:8)
  A komodo dragon simulacrum (Lair:3)
  A hound (D:5)
  8 orc priests
  A water moccasin simulacrum (Lair:3)
  2 bullfrog skeletons
  2 gnoll shamans
  Ijyb (D:5)
  An iguana (D:6)
  10 orc wizards
  7 hell rats (Lair:2)
  A killer bee zombie (D:9)
  A hound skeleton (D:5)
  8 mummies (Ossuary)
  A howler monkey zombie (D:9)
  Robin (D:2)
  A howler monkey skeleton (D:7)
  8 adders
  11 gnolls
  2 shadow imps
  2 adder skeletons (D:4)
  A worm (D:2)
  4 dart slugs
  31 orcs
  11 ball pythons
  4 endoplasms
  2 giant cockroaches
  9 hobgoblins
  3 jackals (D:1)
  24 kobolds
  8 quokkas
  6 bats
  5 frilled lizards
  14 goblins
  2 hobgoblin zombies (Ossuary)
  3 kobold zombies (Ossuary)
  3 orc zombies (Ossuary)
  3 rats
422 creatures vanquished.

Vanquished Creatures (others)
  21 fungi
  41 plants
62 creatures vanquished.

Grand Total: 484 creatures vanquished

Notes
Turn   | Place    | Note
-------+----------+-------------------------------------------
     0 | D:1      | PoweredByGinger the Minotaur Fighter began the quest for
                  | the Orb.
     0 | D:1      | Reached XP level 1. HP: 19/19 MP: 0/0
   354 | D:1      | Reached XP level 2. HP: 25/26 MP: 1/1
   945 | D:1      | Reached XP level 3. HP: 31/31 MP: 2/2
   986 | D:1      | Found a faded altar of an unknown god.
  1170 | D:2      | Noticed Robin
  1180 | D:2      | Killed Robin
  1375 | D:2      | Reached skill level 5 in Axes
  1495 | D:2      | Reached XP level 4. HP: 21/39 MP: 3/3
  2273 | D:3      | Found a shimmering altar of Xom.
  2282 | D:3      | Found a white marble altar of Elyvilon.
  2651 | D:3      | Found a shadowy altar of Dithmenos.
  2685 | D:3      | Found a sacrificial altar of Ru.
  2691 | D:3      | Reached XP level 5. HP: 45/45 MP: 4/4
  3075 | D:4      | Reached skill level 4 in Shields
  3242 | D:4      | Noticed a necrophage
  3252 | D:4      | Killed a necrophage
  3253 | D:4      | Reached skill level 5 in Shields
  3253 | D:4      | Reached XP level 6. HP: 48/51 MP: 5/5
  3331 | D:4      | Found a sparkling altar of Nemelex Xobeh.
  3611 | D:4      | Found a runed translucent door.
  3611 | D:4      | Noticed Strat's ghost (amateur TrFi)
  3823 | D:4      | Found an opulent altar of Gozag.
  4454 | D:5      | Entered Level 5 of the Dungeon
  4460 | D:5      | Noticed an ice beast
  4483 | D:5      | Killed an ice beast
  4484 | D:5      | Reached skill level 6 in Shields
  4484 | D:5      | Reached XP level 7. HP: 20/57 MP: 6/6
  4490 | D:5      | Found a sand-covered staircase.
  4676 | Ossuary  | Entered an ossuary
  4842 | Ossuary  | Reached skill level 7 in Shields
  5012 | D:5      | Noticed Menkaure
  5284 | D:6      | Found a runed translucent gate.
  5284 | D:6      | Found a runed translucent gate.
  5284 | D:6      | Found a runed translucent gate.
  5366 | D:6      | Identified the +5 mace of Epiveoh {flame, rPois MP-9 Dex+3}
  5383 | D:6      | Found a staircase to the Ecumenical Temple.
  5447 | Temple   | Entered the Ecumenical Temple
  5834 | Temple   | Became a worshipper of Makhleb the Destroyer
  6075 | D:6      | Reached skill level 8 in Shields
  6416 | D:6      | Noticed snetch's ghost (novice DjFE)
  6568 | D:7      | You fall into a shaft and drop 3 floors!
  6568 | D:10     | Entered Level 10 of the Dungeon
  6730 | D:10     | Noticed a shadow
  6732 | D:10     | Noticed a steam dragon
  6732 | D:10     | Noticed a wyvern
  6736 | D:10     | Killed a shadow
  6737 | D:10     | Reached XP level 8. HP: 57/64 MP: 7/7
  6741 | D:10     | Reached skill level 9 in Shields
  6947 | D:10     | Found a glowing golden altar of the Shining One.
  6986 | D:10     | Found a bloodstained altar of Trog.
  7100 | D:10     | Found a staircase to the Orcish Mines.
  7430 | D:9      | Noticed a troll
  7451 | D:9      | HP: 1/64 [troll (10)]
  7455 | D:9      | Killed a troll
  7456 | D:9      | Reached skill level 10 in Shields
  8061 | D:8      | Reached skill level 11 in Shields
  8061 | D:8      | Reached XP level 9. HP: 32/70 MP: 8/8
  8394 | D:7      | Reached skill level 10 in Axes
  8621 | D:5      | Killed Menkaure
  9007 | D:5      | Noticed Ijyb
  9018 | D:5      | Killed Ijyb
  9405 | D:5      | Reached skill level 12 in Shields
  9558 | D:5      | Noticed Grinder
  9566 | D:5      | Killed Grinder
 10066 | D:7      | Reached * piety under Makhleb
 10228 | D:7      | Noticed Joseph
 10254 | D:7      | Killed Joseph
 10255 | D:7      | Reached skill level 13 in Shields
 10638 | D:7      | Identified the ring of the Townfolk {rElec AC+4}
 10680 | D:7      | Reached XP level 10. HP: 55/77 MP: 9/9
 11061 | D:8      | Noticed Psyche
 11068 | D:8      | Killed Psyche
 11709 | D:8      | Noticed Maggie
 11727 | D:8      | Killed Maggie
 11877 | D:8      | Noticed a six-headed hydra
 11883 | D:8      | HP: 1/80 [six-headed hydra (6)]
 11888 | D:8      | Killed a six-headed hydra
 11889 | D:8      | Reached skill level 5 in Fighting
 11889 | D:8      | Reached skill level 14 in Shields
 11890 | D:8      | Reached ** piety under Makhleb
 12786 | D:9      | Found an ornate altar of the Wu Jian Council.
 13180 | D:9      | Found Anehuh's Antique Weapon Shop.
 13190 | D:9      | Noticed a two-headed ogre
 13198 | D:9      | Killed a two-headed ogre
 13199 | D:9      | Reached skill level 5 in Armour
 14055 | D:9      | Found a radiant altar of Vehumet.
 14058 | D:9      | Found an iron altar of Okawaru.
 14062 | D:9      | Found an ancient bone altar of Kikubaaqudgha.
 14249 | D:11     | Noticed a two-headed ogre
 14259 | D:11     | Killed a two-headed ogre
 14698 | D:11     | Reached XP level 11. HP: 92/92 MP: 10/10
 14827 | D:11     | Noticed a death yak
 14829 | D:11     | Noticed a death yak
 14830 | D:11     | Found a staircase to the Lair.
 14830 | D:11     | Noticed a death yak
 14900 | D:11     | Noticed a two-headed ogre
 14907 | D:11     | Killed a two-headed ogre
 14908 | D:11     | Reached skill level 15 in Shields
 15011 | D:11     | Noticed a two-headed ogre
 15034 | D:11     | Killed a two-headed ogre
 15424 | Lair:1   | Entered Level 1 of the Lair of Beasts
 15475 | Lair:1   | HP: 6/138 [komodo dragon (2)]
 15482 | Lair:1   | Reached *** piety under Makhleb
 15490 | Lair:1   | Reached skill level 16 in Shields
 15785 | Lair:1   | Found a blossoming altar of Fedhas.
 16621 | Lair:1   | Noticed Gastronok
 16632 | Lair:1   | Killed Gastronok
 16633 | Lair:1   | Reached skill level 17 in Shields
 16818 | Lair:1   | Reached skill level 1 in Invocations
 16818 | Lair:1   | Reached XP level 12. HP: 62/100 MP: 11/11
 17614 | Lair:2   | Identified the +4 chain mail of the Great Game {Harm +Blink
                  | rElec Str-2}
 18663 | Lair:2   | Noticed a four-headed hydra
 18671 | Lair:2   | Killed a four-headed hydra
 19318 | Lair:3   | Found a transporter.
 19419 | Lair:3   | Reached **** piety under Makhleb
 19421 | Lair:3   | Reached skill level 15 in Axes
 19645 | Lair:3   | Reached skill level 18 in Shields
 19786 | Lair:3   | Found a staircase to the Swamp.
 20145 | Lair:3   | Noticed a six-headed hydra
 20152 | Lair:3   | Killed a six-headed hydra
 20652 | Lair:3   | Found a transporter.
 20748 | Swamp:1  | Entered Level 1 of the Swamp
 20777 | Lair:4   | Reached XP level 13. HP: 111/111 MP: 15/15
 20950 | Lair:4   | Reached skill level 5 in Invocations
 21270 | Lair:4   | Reached ***** piety under Makhleb
 21396 | Lair:4   | Found a hole to the Spider Nest.
 21980 | Spider:1 | Entered Level 1 of the Spider Nest
 22210 | Lair:5   | Identified the +1 ring mail of a treasure trove {-Tele rC+
                  | Int+2 Dex+4}
 22300 | Lair:5   | Reached skill level 10 in Fighting
 22870 | Lair:5   | Noticed Rupert
 22883 | Lair:5   | Annihilated by Rupert

Illustrated notes

Levels and vault maps discovered:
D:1:      ncdulo_smallfort, layout_rooms, shapermc_ecumenical_altar_venn,
          skrybe_limestone_x
D:2:      layout_loops_ring, serial_bayou, serial_bayou_lagoon_b,
          serial_bayou_lagoon_a, serial_bayou_crossing, serial_bayou_pond_b,
          uniq_robin
D:3:      layout_basic, nicolae_ru_great_annihilating_truth,
          grunt_dithmenos_smoke, mainiacjoe_overflow_large_starburst,
          minivault_23
D:4:      layout_layer_cave, mainiacjoe_overflow_24_doors,
          mainiacjoe_overflow_chevrons, hellmonk_ghost_happy_afterlife,
          minmay_stone_trees_small, hangedman_decor_riveting
D:5:      layout_layer_cave, enter_ossuary_5, uniq_menkaure, uniq_ijyb,
          uniq_grinder
D:6:      layout_basic, minmay_temple_entry_glass, portal_sewer_entry_f,
          gammafunk_ghost_icy
D:7:      layout_gridville, uniq_joseph
D:8:      layout_basic, grunt_ministairs_11, uniq_psyche, uniq_maggie
D:9:      layout_stronghold, general_overflow_altar,
          grunt_temple_overflow_diamond, serial_shops,
          nicolae_shop_overgrown_old_shop
D:10:     layout_roguey, tso_metal_star, lightli_temple_of_fire, orc_0_dummy
D:11:     dreamdust_isle_of_ice, layout_gridville, dpeg_lair_monsters
Temple:   jpeg_temple_alley_garden
Lair:1:   layout_roguey, basic_altar, grunt_megastairs_3, uniq_gastronok
Lair:2:   layout_regular_city, beast_lair_carwin_11
Lair:3:   gammafunk_cloud_chamber, layout_cave_pods, swamp_mist
Lair:4:   layout_long_grid, spider_nest_entry_a, lemuel_fruit_fields
Lair:5:   layout_loops_ring, minmay_slime_entry_oklob_enclosed,
          lemuel_fruit_tree, serial_bayou_shore_b, serial_bayou_shore_b,
          infiniplex_staircase_pool_2, grunt_megastairs_5, uniq_rupert
Swamp:1:  layout_basic_swamp, evilmike_swamp_ruin_house_1
Spider:1: layout_spider_delve, ebering_ghost_reflecting_pool, uniq_jorgrun

Skill      XL: |  1  2  3  4  5  6  7  8  9 10 11 12 13 |
---------------+----------------------------------------+-----
Axes           | 3 4 5 6 7 8 9 11 12 13 15 16 | 16.9
Shields        | 5 6 8 11 13 14 17 18 | 18.7
Fighting       | 7 9 10 | 10.2
Armour         | 5 |  5.5
Invocations    | 1 4 6 |  6.3

Action                   |  1- 3 |  4- 6 |  7- 9 | 10-12 | 13-15 || total
-------------------------+-------+-------+-------+-------+-------++-------
Melee: War axe           |    91 |   145 |   248 |   584 |       ||  1068
       Headbutt          |    10 |    15 |    51 |   114 |    36 ||   226
       Mace              |       |       |       |    15 |       ||    15
       Broad axe         |       |       |       |     3 |   219 ||   222
Throw: Throwing net      |       |       |       |       |     2 ||     2
Invok: Lesser Servant of |       |       |       |       |     1 ||     1
Evoke: Wand              |       |       |     3 |    13 |       ||    16
  Use: Scroll            |       |       |     7 |     4 |       ||    11
       Potion            |       |       |     4 |     9 |     3 ||    16
 Stab: Paralysed         |       |     1 |       |     5 |       ||     6
       Distracted        |       |       |       |       |     1 ||     1
Armor: Scale mail        |    58 |    78 |    95 |   100 |       ||   331
       Plate armour      |       |       |       |   214 |    94 ||   308
       Skin              |       |       |       |     8 |       ||     8
Dodge: Dodged            |    44 |    60 |   107 |   179 |    51 ||   441
Block: Buckler           |    17 |    34 |    77 |   209 |    59 ||   396
